[ AOE2 MATCH · #505451635 ]
UnrankedMalay vs Britons
Player's team · LOSS
Rival team · WIN
[ REPLAY ANALYSIS · EXTRACTED FROM THE RECORDED GAME ]
Feudal
10:17
Castle
—
Imperial
—
| APM avg | 29.8 |
| APM peak | 76 |
| eAPM avg | 16.9 |
| Villagers / military | 34 / 11 |
Focus
⚔️ 26.8% · 🌾 73.2%
Archer ×10 · Spearman ×1
Feudal
10:36
Castle
—
Imperial
—
| APM avg | 35.9 |
| APM peak | 65 |
| eAPM avg | 16.9 |
| Villagers / military | 34 / 12 |
Focus
⚔️ 30.2% · 🌾 69.8%
Archer ×6 · Militia ×3 · Scout Cavalry ×3
Match map
Initial resources + every placement click. Lines = walls · curves = elevation contours. ◆ gold · ⬟ stone · ● berries · ✦ relic · ◌ wall gap
Your base· Open — unwalled flank
Old Man Willow's base· Open — unwalled flank
Smoothed initial terrain · ◌ = detected wall gap · hover for details
Inputs per minute
— TheMangledBadger - - Old Man Willow
Build order — TheMangledBadger
84 actions detected in the replay
| 0:00 | Create | Villager (Male) |
| 0:01 | Create | Villager (Male) |
| 0:02 | Build | House |
| 0:03 | Build | House |
| 0:26 | Create | Villager (Male) |
| 1:02 | Create | Villager (Male) |
| 1:31 | Create | Villager (Male) |
| 1:58 | Build | Lumber Camp |
| 2:02 | Create | Villager (Male) |
| 2:27 | Create | Villager (Male) |
| 2:50 | Create | Villager (Male) |
| 3:14 | Create | Villager (Male) |
| 3:36 | Build | House |
| 3:46 | Create | Villager (Male) |
| 3:52 | Build | House |
| 3:52 | Build | House |
| 4:13 | Create | Villager (Male) |
| 4:37 | Create | Villager (Male) |
| 5:01 | Create | Villager (Male) |
| 5:01 | Create | Villager (Male) |
| 5:07 | Build | Mill |
| 5:15 | Build | Mill |
| 5:23 | Create | Villager (Male) |
| 5:24 | Create | Villager (Male) |
| 5:59 | Create | Villager (Male) |
| 6:42 | Build | Palisade Wall |
| 6:43 | Build | Palisade Wall |
| 6:44 | Build | Palisade Wall |
| 6:45 | Build | Palisade Wall |
| 6:46 | Build | Palisade Wall |
| 7:02 | Create | Villager (Male) |
| 7:06 | Build | Barracks |
| 7:25 | Research | Loom |
| 7:57 | Create | Villager (Male) |
| 8:08 | Build | Mill |
| 8:16 | Build | Barracks |
| 8:24 | Create | Villager (Male) |
| 8:59 | Research | Feudal Age |
| 9:04 | Build | Mining Camp |
| 9:48 | Create | Villager (Male) |
| 9:50 | Create | Villager (Male) |
| 10:17 | Age | Feudal Age |
| 10:38 | Build | Archery Range |
| 10:58 | Create | Villager (Male) |
| 10:59 | Create | Villager (Male) |
| 11:03 | Research | Double-Bit Axe |
| 11:09 | Create | Villager (Male) |
| 11:21 | Create | Archer |
| 11:39 | Create | Villager (Male) |
| 11:54 | Build | Archery Range |
| 11:59 | Build | Palisade Wall |
| 12:04 | Build | Palisade Wall |
| 12:24 | Create | Villager (Male) |
| 12:27 | Create | Archer |
| 12:48 | Build | House |
| 12:50 | Build | House |
| 12:53 | Create | Archer |
| 13:08 | Build | Blacksmith |
| 13:12 | Build | House |
| 13:16 | Build | Palisade Wall |
| 13:19 | Create | Villager (Male) |
| 13:20 | Create | Villager (Male) |
| 13:23 | Create | Archer |
| 13:23 | Create | Archer |
| 13:49 | Create | Archer |
| 13:53 | Create | Archer |
| 13:53 | Create | Archer |
| 14:11 | Create | Villager (Male) |
| 14:12 | Create | Villager (Male) |
| 14:18 | Research | Fletching |
| 14:18 | Create | Villager (Male) |
| 14:24 | Build | Farm |
| 14:25 | Build | Farm |
| 14:26 | Build | Farm |
| 14:51 | Create | Villager (Male) |
| 14:58 | Build | Watch Tower |
| 15:02 | Create | Archer |
| 15:02 | Create | Archer |
| 15:17 | Build | Archery Range |
| 15:21 | Build | House |
| 15:35 | Create | Villager (Male) |
| 15:38 | Create | Spearman |
| 15:58 | Build | House |
| 16:08 | Build | House |
Build order — Old Man Willow
79 actions detected in the replay
| 0:00 | Create | Villager (Male) ×4 |
| 0:02 | Build | House |
| 0:03 | Build | House |
| 1:17 | Create | Villager (Male) |
| 1:34 | Build | Lumber Camp |
| 1:50 | Create | Villager (Male) |
| 2:11 | Create | Villager (Male) |
| 2:42 | Create | Villager (Male) |
| 3:04 | Create | Villager (Male) |
| 3:16 | Create | Villager (Male) |
| 3:35 | Build | House |
| 3:51 | Create | Villager (Male) |
| 4:13 | Build | Barracks |
| 4:28 | Create | Villager (Male) |
| 4:28 | Create | Villager (Male) |
| 4:36 | Build | House |
| 5:15 | Create | Militia |
| 5:16 | Create | Militia |
| 5:18 | Build | House |
| 5:29 | Create | Militia |
| 5:31 | Create | Villager (Male) |
| 5:57 | Create | Villager (Male) |
| 5:57 | Create | Villager (Male) |
| 6:01 | Build | Mill |
| 6:42 | Create | Villager (Male) |
| 7:05 | Create | Villager (Male) |
| 7:59 | Build | Mining Camp |
| 8:01 | Create | Villager (Male) |
| 8:22 | Research | Feudal Age |
| 8:33 | Build | Lumber Camp |
| 9:13 | Create | Villager (Male) |
| 9:22 | Build | Farm |
| 10:36 | Age | Feudal Age |
| 10:37 | Build | Archery Range |
| 10:41 | Research | Double-Bit Axe |
| 10:47 | Create | Villager (Male) |
| 11:12 | Build | House |
| 11:16 | Create | Archer |
| 11:19 | Create | Villager (Male) |
| 11:22 | Build | Mill |
| 11:40 | Create | Villager (Male) |
| 11:45 | Build | House |
| 11:49 | Create | Archer |
| 11:50 | Create | Archer |
| 11:51 | Create | Villager (Male) |
| 12:05 | Build | Stable |
| 12:11 | Create | Archer |
| 12:17 | Create | Villager (Male) |
| 12:19 | Research | Loom |
| 12:22 | Build | Farm |
| 12:25 | Build | Farm |
| 12:49 | Create | Villager (Male) |
| 12:49 | Research | Loom |
| 12:59 | Build | House |
| 13:02 | Create | Scout Cavalry |
| 13:09 | Build | Farm |
| 13:10 | Create | Villager (Male) |
| 13:18 | Build | Palisade Wall |
| 13:22 | Create | Archer |
| 13:23 | Create | Scout Cavalry |
| 13:26 | Create | Villager (Male) |
| 13:30 | Research | Horse Collar |
| 13:33 | Build | Farm |
| 13:43 | Create | Villager (Male) |
| 14:17 | Build | Blacksmith |
| 14:22 | Create | Villager (Male) |
| 14:23 | Create | Villager (Male) |
| 14:25 | Create | Scout Cavalry |
| 14:29 | Create | Archer |
| 14:37 | Create | Villager (Male) |
| 14:46 | Build | House |
| 15:02 | Research | Fletching |
| 15:03 | Build | House |
| 15:22 | Research | Wheelbarrow |
| 15:24 | Build | Farm |
| 15:27 | Build | Farm |
| 15:29 | Create | Villager (Male) |
| 15:31 | Build | Farm |
| 15:44 | Create | Villager (Male) |
Match timeline
| 4:13 | Old Man Willow · first_building Barracks |
| 6:42 | TheMangledBadger · wall_segment Palisade Wall x1 |
| 6:43 | TheMangledBadger · wall_segment Palisade Wall x1 |
| 6:44 | TheMangledBadger · wall_segment Palisade Wall x1 |
| 6:45 | TheMangledBadger · wall_segment Palisade Wall x1 |
| 6:46 | TheMangledBadger · wall_segment Palisade Wall x1 |
| 7:06 | TheMangledBadger · first_building Barracks |
| 10:17 | TheMangledBadger · age_up feudal |
| 10:36 | Old Man Willow · age_up feudal |
| 10:37 | Old Man Willow · first_building Archery Range |
| 10:38 | TheMangledBadger · first_building Archery Range |
| 11:59 | TheMangledBadger · wall_segment Palisade Wall x4 |
| 12:04 | TheMangledBadger · wall_segment Palisade Wall x5 |
| 12:05 | Old Man Willow · first_building Stable |
| 13:16 | TheMangledBadger · wall_segment Palisade Wall x9 |
| 13:18 | Old Man Willow · wall_segment Palisade Wall x8 |
| 16:21 | TheMangledBadger · resign |
[ AI ANALYSIS · 1 CREDIT ]
What really happened in this match?
Wolo.gg analyzes every decision: build order, eco, micro, common mistakes by bracket. Personalized analysis on WhatsApp or Discord in 30 seconds.
Civ guide
Malay
Perfil
Jugador #775492